 Dungeon Crawl Stone Soup version 0.29.0-11-gd7f09526c8 (webtiles) character file.

Game seed: 8210710008045443734

203458 Flugkiller the Warrior (level 17, -2/149 HPs)
             Began as a Minotaur Fighter on Sept 4, 2022.
             Was a High Priest of Okawaru.
             Killed from afar by a raiju (19 damage)
             ... with a living lightning
             ... on level 4 of the Abyss.
             The game lasted 00:18:36 (33589 turns).

Flugkiller the Warrior (Minotaur Fighter)          Turns: 33589, Time: 00:18:37

Health: -2/149     AC: 35    Str: 21    XL:     17   Next: 47%
Magic:  21/21      EV: 20    Int:  7    God:    Okawaru [*****.]
Gold:   3962       SH: 23    Dex: 28    Spells: 16/16 levels left

rFire   . . .      SeeInvis +   a - +9 war axe of Peace {elec, rPois SInv}
rCold   + . .      Faith    .   y - +5 kite shield of a volcano {rC+ Str+4 Stlth+}
rNeg    + + .      Spirit   .   U - +5 plate armour of the Postmodern Dreams {rN+ Int+4}
rPois   +          Reflect  .   O - +0 hat of Wonder {Dex+3 SInv}
rElec   .          Harm     .   D - +2 cloak {Stlth+}
rCorr   .          Rampage  .   S - +1 pair of gloves of the Bells {rN+}
Will    ++...                   C - +1 pair of boots "Ustreip" {Will+ Str-4 Dex+4}
Stlth   ++........              p - amulet of the acrobat
HPRegen 0.00/turn               j - +4 ring of slaying
MPRegen 0.17/turn               L - ring of Wonder {Wiz rPois Dex-3 Slay+5 Stlth+}

@: heroic, sick
A: horns 2, retaliatory headbutt, hooves 1, agile 2, frail 1, low MP 1,
screaming 1, inability to read after injury 1
}: 2/15 runes: decaying, serpentine
a: Renounce Religion, Heroism, Finesse, Duel


You were on level 4 of the Abyss.
You worshipped Okawaru.
Okawaru was extremely pleased with you.
You visited 6 branches of the dungeon, and saw 31 of its levels.
You visited the Abyss 1 time.

You collected 4841 gold pieces.
You spent 879 gold pieces at shops.

Inventory:

Hand Weapons
 a - the +9 war axe of Peace (weapon) {elec, rPois SInv}
   (Okawaru gifted it to you on level 10 of the Dungeon)

   It occasionally discharges a powerful burst of electricity upon striking a
   foe.
   rPois:     It protects you from poison.
   SInv:      It lets you see invisible.
 b - a +3 broad axe of distortion
   (You took it off an orc warlord on level 2 of the Orcish Mines)
Missiles
 B - 5 throwing nets
 J - 2 boomerangs of dispersal
 K - 31 boomerangs (quivered)
Armour
 y - the +5 kite shield of a volcano (worn) {rC+ Str+4 Stlth+}
   (You acquired it on level 5 of the Lair of Beasts)

   Str:       It affects your strength (+4).
   rC:        It protects you from cold.
   Stlth:     It makes you more stealthy.
 C - the +1 pair of boots "Ustreip" (worn) {Will+ Str-4 Dex+4}
   (Okawaru gifted it to you on level 1 of the Swamp)

   Str:       It affects your strength (-4).
   Dex:       It affects your dexterity (+4).
   Will:      It increases your willpower.
 D - a +2 cloak of stealth (worn)
   (You bought it in a shop on level 2 of the Orcish Mines)
 M - a +1 pair of boots
   (You bought it in a shop on level 5 of the Dungeon)
 O - the +0 hat of Wonder (worn) {Dex+3 SInv}
   (Okawaru gifted it to you on level 4 of the Swamp)

   Dex:       It affects your dexterity (+3).
   SInv:      It lets you see invisible.
 S - the +1 pair of gloves of the Bells (worn) {rN+}
   (Okawaru gifted it to you on level 13 of the Dungeon)

   rN:        It protects you from negative energy.
 U - the +5 plate armour of the Postmodern Dreams (worn) {rN+ Int+4}
   (Okawaru gifted it to you on level 15 of the Dungeon)

   Int:       It affects your intelligence (+4).
   rN:        It protects you from negative energy.
Jewellery
 c - a ring of protection from cold
   (You found it on level 2 of the Lair of Beasts)
 i - a ring of see invisible
   (You found it on level 5 of the Lair of Beasts)
 j - a +4 ring of slaying (left hand)
   (You took it off an orc priest on level 5 of the Dungeon)
 m - a ring of willpower
   (You found it on level 14 of the Dungeon)
 p - an amulet of the acrobat (around neck)
   (You found it on level 3 of the Snake Pit)
 L - the ring of Wonder (right hand) {Wiz rPois Dex-3 Slay+5 Stlth+}
   (You acquired it on level 11 of the Dungeon)

   [ring of wizardry]

   It improves your spell success rate.
   Dex:       It affects your dexterity (-3).
   Slay:      It affects your accuracy & damage with ranged weapons and melee
   (+5).
   rPois:     It protects you from poison.
   Stlth:     It makes you more stealthy.
Wands
 E - a wand of mindburst (21)
   (You found it on level 7 of the Dungeon)
 N - a wand of iceblast (13)
   (You found it on level 7 of the Dungeon)
 R - a wand of paralysis (14)
   (You took it off Maurice on level 8 of the Dungeon)
Scrolls
 l - 2 scrolls of magic mapping
 o - 3 scrolls of immolation
 r - 2 scrolls of identify
 s - 4 scrolls of fear
 t - 6 scrolls of teleportation
 u - a scroll of brand weapon
 z - 5 scrolls of blinking
 H - 4 scrolls of enchant weapon
 I - a scroll of vulnerability
 P - 2 scrolls of enchant armour
Potions
 d - 5 potions of might
 e - a potion of invisibility
 f - 2 potions of berserk rage
 g - 6 potions of brilliance
 h - 2 potions of haste
 k - 6 potions of lignification
 n - 4 potions of cancellation
 q - 5 potions of curing
 v - 2 potions of attraction
 w - 2 potions of heal wounds
 A - 2 potions of mutation
 G - 3 potions of magic
 Q - a potion of flight
Miscellaneous
 F - a condenser vane
   (You found it on level 5 of the Dungeon)


   Skills:
 + Level 18.5(23.5) Fighting
 - Level 16.0(21.0) Axes
 + Level 18.4(23.4) Armour
 + Level 11.9(16.9) Dodging
 - Level 15.0(20.0) Shields
 - Level 11.0 Invocations
 - Level 6.0 Evocations


You had 16 spell levels left.
You didn't know any spells.
Your spell library was empty.

Dungeon Overview and Level Annotations

Branches:
Dungeon (15/15)            Temple (1/1) D:5            Lair (5/5) D:9
  Swamp (4/4) Lair:3        Snake (4/4) Lair:3        Slime (0/5) Lair:4
    Orc (2/2) D:9             Elf (0/3) Orc:2        Vaults (0/5) D:14
 Depths (0/4) D:15

Altars:
Ashenzari
Cheibriados
Dithmenos
Elyvilon
Fedhas
Gozag
Hepliaklqana
Kikubaaqudgha
Makhleb
Nemelex Xobeh
Okawaru
Qazlal
Ru
Sif Muna
Trog
Uskayaw
Vehumet
Wu Jian
Xom
Yredelemnul
Zin
The Shining One
Jiyva

Shops:
D:5 [   D:11 ?   Orc:1 (   Orc:2 ?![*=

Annotations:
D:1 exclusions: hobgoblin and 2 more exclusions
D:9 3 runed translucent doors, erker's ghost, journeyman MiFi
D:11 6 transporters
Swamp:1 1 runed translucent door, Noname's ghost, journeyman TeAE
Swamp:3 Mara


Innate Abilities, Weirdness & Mutations

You have a pair of horns on your head.
You reflexively headbutt those who attack you in melee.
You have large cloven feet.
You are very agile. (Dex +8, Str/Int -2)
You are frail. (-10% HP)
Your magical capacity is low. (-10% MP)
You occasionally shout uncontrollably at your foes.
You occasionally lose the ability to read scrolls when taking damage.


Message History

The hellwing is heavily wounded.
You closely miss the hellwing.
You hear a roar!
You hear a chilling moan.
You are too injured to fight recklessly!
You barely miss the hellwing.
The hellwing is heavily wounded.
You barely miss the hellwing. You block the hellwing's attack. x2
The hellwing closely misses you. The hellwing misses you.
You are too injured to fight recklessly!
You are too injured to fight recklessly!
You slice the hellwing!! Lightning courses through the hellwing!
You kill the hellwing!
Okawaru accepts your kill.
You hit the hellwing. Lightning courses through the hellwing!
The hellwing closely misses you. You block the hellwing's attack.
You are too injured to fight recklessly!
You are too injured to fight recklessly!
You are too injured to fight recklessly!
You hit the hellwing.
The hellwing is heavily wounded.
A lurking horror comes into view.
You block the hellwing's attack. x2
You are too injured to fight recklessly!
You slash the hellwing! Lightning courses through the hellwing!
You kill the hellwing!
Okawaru accepts your kill.
You are too injured to fight recklessly!
You slice the lurking horror!!
Your body is wracked with pain!
* * * LOW HITPOINT WARNING * * *
A smoke demon comes into view.
A chaos spawn comes into view.
You are too injured to fight recklessly!
You are too injured to fight recklessly!
You are too injured to fight recklessly!
The chaos spawn squeals angrily.
You are too injured to fight recklessly!
You feel more confident with your borrowed prowess.
You block the chaos spawn's attack.
You are too injured to fight recklessly!
You miss the chaos spawn. Your headbutt misses the chaos spawn.
You are too injured to fight recklessly!
You slice the chaos spawn!!
The chaos spawn is severely wounded.
You block the chaos spawn's attack.
You are too injured to fight recklessly!
You open the chaos spawn like a pillowcase!!!
You kill the chaos spawn!
Okawaru accepts your kill.
The chaos spawn degenerates into a cloud of primal chaos!
You are too injured to fight recklessly!
Really walk into that cloud of seething chaos? [Y]es or [N]o only, please.
Really walk into that cloud of seething chaos?
Okay, then.
You are a level 17 Minotaur Fighter.
You are 46% of the way to level 18.
Play time: 00:18:32 (33567 turns).
You have unlimited time to explore this branch.
Unknown command.
The smoke demon gestures at you. Something smites you!
* * * LOW HITPOINT WARNING * * *
You are too injured to fight recklessly!
You slice the smoke demon!!
Lightning courses through the smoke demon!
You headbutt the smoke demon.
You kill the smoke demon!
Okawaru accepts your kill.
You are too injured to fight recklessly!
The abyss shimmers again as the detected abyssal rune vanishes from your memory and reappears.
You start resting.
Magic restored.
A neqoxec comes into view.
A raiju comes into view.
The raiju barks!
You hear a bark!
The neqoxec shouts!
The neqoxec gestures at you.
Strange energies course through your body.
You occasionally lose the ability to read scrolls when taking damage.
You block the neqoxec's attack.
You slice the neqoxec!!
You kill the neqoxec!
Okawaru accepts your kill.
You are too injured to fight recklessly!
You block the raiju's attack.
A raiju comes into view.
You are too injured to fight recklessly!
You are too injured to fight recklessly!
You hit the raiju. You headbutt the raiju!
The raiju is moderately wounded.
You block the raiju's attack.
You slice the raiju!! Your headbutt misses the raiju.
The raiju is almost dead.
The raiju barely misses you. You furiously retaliate!
You headbutt the raiju!!
You kill the raiju!
Okawaru accepts your kill. You block the raiju's attack.
An ancient zyme comes into view.
You closely miss the raiju.
A raiju comes into view.
The raiju bursts into living lightning!
The living lightning hits you!!
You die...

.. .# ###.
## . #...#.#
.. ## ##
#.## .#
#..#.##..
..#
..##..#...#
#.#..##...#
#@....##.#
#.h..###..#.
#.######
#.#.## # #.
.#.### . ..
# ##..###..
xh ###.# . .
. . ## . #
..


You could see an ancient zyme (wandering) and 2 raiju.

Vanquished Creatures
  Kirke (D:13)
  Donald (Orc:2)
  3 thorn hunters
  2 nagarajas (Snake:4)
  An orc warlord (Orc:2)
  Aizul (Snake:4)
  2 ghouls (Swamp:2)
  A very ugly thing (Abyss:4)
  3 eleionomae
  Azrael (D:13)
  5 bunyips
  2 ettins
  Snorg (D:12)
  2 fire dragons
  8 vault guards (D:14)
  Fannar (Orc:1)
  15 hydras
  3 salamander tyrants (Snake:4)
  Erica (D:8)
  A ghost crab (Swamp:2)
  A rakshasa (Abyss:3)
  A catoblepas (Lair:5)
  3 centaur warriors
  4 two-headed ogres
  14 naga warriors
  A death knight (D:15)
  2 anacondas (Snake:4)
  6 alligators
  2 tengu warriors (D:15)
  3 death yaks (Lair:5)
  A vampire mage (Abyss:3)
  A thrashing horror (Abyss:4)
  7 orc high priests
  5 shock serpents
  8 naga sharpshooters
  Sonja (Orc:1)
  5 salamander mystics (Snake:4)
  A slime creature (D:12)
  3 naga ritualists (Snake:4)
  11 bog bodies
  A spriggan druid (Swamp:1)
  A deep troll (D:15)
  An orb spider (Abyss:3)
  A wizard (D:15)
  2 goliath frogs
  3 large abominations
  2 lindwurms (Lair:5)
  A necromancer (D:15)
  11 orc knights
  9 swamp dragons
  3 deep elf pyromancers
  3 orc sorcerers
  5 salamanders
  A worldbinder (Abyss:3)
  3 mana vipers
  5 cyclopes
  18 black mambas
  17 elephants
  Maurice (D:8)
  7 guardian serpents
  7 naga magi
  3 gargoyles
  A smoke demon (Abyss:4)
  6 torpor snails
  8 cane toads
  2 unseen horrors (D:11)
  2 rime drakes
  Psyche (D:11)
  7 komodo dragons
  2 freezing wraiths (D:15)
  2 tengu conjurers (D:13)
  A yaktaur (shapeshifter) (D:15)
  2 efreet
  2 kobold demonologists (D:13)
  2 hellwings (Abyss:4)
  2 ancient zymes
  8 trolls
  3 polar bears
  Prince Ribbit (Lair:2)
  A tarantella (shapeshifter) (D:15)
  7 tyrant leeches
  14 hornets
  6 dream sheep (Lair:5)
  33 blink frogs
  5 raiju
  3 wraiths
  8 spriggans
  20 yaks
  Grum (D:8)
  3 wyverns
  A fire elemental (D:13)
  5 hogs (D:13)
  A human (D:13)
  A chaos spawn (Abyss:4)
  A steam dragon (D:9)
  7 basilisks
  2 neqoxecs (Abyss:4)
  7 vampire mosquitoes
  5 wargs
  6 swamp worms
  4 hell hounds (D:13)
  An acid dragon (D:14)
  26 nagas
  9 water moccasins
  2 small abominations
  3 ice beasts
  11 swamp drakes
  49 orc warriors
  2 sky beasts
  3 boggarts (D:14)
  8 ogres
  13 wolves
  7 centaurs
  A phantom (D:6)
  2 kobold brigands
  2 gnoll sergeants
  8 scorpions
  7 bullfrogs
  3 necrophages
  8 wights
  An electric eel (Lair:2)
  4 howler monkeys
  13 starcursed masses
  3 jellies
  6 hounds
  25 orc priests
  4 gnoll boudas
  4 iguanas
  Ijyb (D:5)
  25 orc wizards
  7 adders
  36 gnolls
  A shadow imp (D:4)
  14 white imps
  An ufetubus (D:5)
  A worm (D:4)
  129 orcs
  An endoplasm (D:2)
  A giant cockroach (D:2)
  9 goblins
  7 hobgoblins
  4 jackals
  A quokka (D:3)
  6 ball pythons
  4 bats (D:1)
  3 frilled lizards
  8 kobolds
  2 rats
  12 briar patches
  A lurking horror (Abyss:4)
932 creatures vanquished.

Vanquished Creatures (others)
  2 bloated husks
  A boggart (D:14)
  A necrophage (Swamp:2)
  An orc wizard (D:8)
  2 briar patches (Swamp:2)
  A bush (Swamp:4)
  36 fungi
  49 plants
  A withered plant (D:15)
94 creatures vanquished.

Grand Total: 1026 creatures vanquished

Notes
Turn   | Place    | Note
-------+----------+-------------------------------------------
     0 | D:1      | Flugkiller the Minotaur Fighter began the quest for the
                  | Orb.
     0 | D:1      | Reached XP level 1. HP: 19/19 MP: 0/0
   479 | D:1      | Reached XP level 2. HP: 25/27 MP: 1/1
  1249 | D:2      | Reached XP level 3. HP: 33/33 MP: 2/2
  1414 | D:2      | Found a faded altar of an unknown god.
  1897 | D:3      | Found a burning altar of Makhleb.
  1965 | D:3      | Reached XP level 4. HP: 40/41 MP: 3/3
  2464 | D:4      | Reached XP level 5. HP: 47/47 MP: 4/4
  2534 | D:4      | Reached skill level 5 in Axes
  2539 | D:5      | Entered Level 5 of the Dungeon
  2544 | D:5      | HP: 1/47 [gnoll bouda/+0 club (4)]
  2961 | D:5      | Reached skill level 5 in Fighting
  3338 | D:4      | Reached skill level 5 in Armour
  3657 | D:4      | Reached XP level 6. HP: 54/56 MP: 5/5
  4445 | D:5      | Noticed a water moccasin
  4455 | D:5      | Killed a water moccasin
  4554 | D:5      | Found a staircase to the Ecumenical Temple.
  4557 | D:5      | Noticed Ijyb
  4563 | Temple   | Entered the Ecumenical Temple
  4638 | Temple   | Became a worshipper of Warmaster Okawaru
  4702 | Temple   | Reached XP level 7. HP: 50/62 MP: 6/6
  4764 | D:5      | Killed Ijyb
  4765 | D:5      | Reached skill level 1 in Invocations
  5403 | D:5      | Reached * piety under Okawaru
  5658 | D:5      | Reached XP level 8. HP: 68/71 MP: 8/8
  6056 | D:5      | Found Zaph's Antique Armour Boutique.
  6060 | D:5      | Bought a pair of gloves for 90 gold pieces
  6268 | D:5      | Reached ** piety under Okawaru
  7404 | D:6      | Found a broken altar of Ashenzari.
  7603 | D:7      | Reached XP level 9. HP: 79/79 MP: 9/11
  8100 | D:7      | Reached skill level 10 in Axes
  8209 | D:7      | Reached *** piety under Okawaru
  8304 | D:7      | Found a sparkling altar of Nemelex Xobeh.
  9209 | D:8      | Noticed Maurice
  9210 | D:8      | Paralysed by Maurice for 5 turns
  9221 | D:8      | Killed Maurice
  9304 | D:8      | Reached skill level 5 in Invocations
  9345 | D:8      | Identified 3 scrolls of acquirement
  9378 | D:8      | Reached **** piety under Okawaru
  9513 | D:8      | Noticed Grum
  9524 | D:8      | Killed Grum
  9530 | D:8      | Reached XP level 10. HP: 46/90 MP: 11/13
  9843 | D:8      | Found a sacrificial altar of Ru.
 10132 | D:8      | Noticed Erica
 10137 | D:8      | Killed Erica
 10538 | D:9      | Noticed a fire dragon
 10559 | D:9      | Found a staircase to the Lair.
 10587 | D:9      | Killed a fire dragon
 10587 | D:9      | Reached ***** piety under Okawaru
 11037 | D:9      | Reached skill level 10 in Fighting
 11220 | D:9      | Found a runed translucent gate.
 11220 | D:9      | Found a runed translucent gate.
 11220 | D:9      | Found a runed translucent gate.
 11220 | D:9      | Noticed erker's ghost (journeyman MiFi)
 11253 | D:9      | Found a staircase to the Orcish Mines.
 11266 | D:9      | Received a gift from Okawaru
 11493 | D:9      | Found a radiant altar of Vehumet.
 11599 | D:9      | Reached skill level 10 in Armour
 11802 | D:10     | Entered Level 10 of the Dungeon
 11806 | D:10     | Found a shimmering altar of Xom.
 11814 | D:10     | Noticed a two-headed ogre
 11824 | D:10     | Killed a two-headed ogre
 11825 | D:10     | Reached XP level 11. HP: 61/99 MP: 13/15
 12017 | D:10     | Identified the +9 war axe of Peace {elec, rPois SInv}
                  | (Okawaru gifted it to you on level 10 of the Dungeon)
 12017 | D:10     | Received a gift from Okawaru
 12049 | D:10     | Noticed a two-headed ogre
 12057 | D:10     | Killed a two-headed ogre
 12722 | D:10     | Noticed a two-headed ogre
 12729 | D:10     | Killed a two-headed ogre
 13029 | D:10     | Found a faded altar of an unknown god.
 13076 | D:10     | Found a hazy altar of Hepliaklqana.
 13354 | D:11     | Found Ninac's Magic Scroll Shoppe.
 13359 | D:11     | Bought a scroll of enchant weapon for 97 gold pieces
 13359 | D:11     | Bought a scroll of blinking for 97 gold pieces
 13359 | D:11     | Bought a scroll of fear for 52 gold pieces
 13386 | D:11     | Found a transporter.
 13388 | D:11     | Found a transporter.
 13432 | D:11     | Found a transporter.
 13437 | D:11     | Found a transporter.
 13504 | D:11     | Found a transporter.
 13505 | D:11     | Found a transporter.
 13536 | D:11     | Noticed Psyche
 13540 | D:11     | Killed Psyche
 13797 | D:11     | Acquired the ring of Wonder {Wiz rPois Dex-3 Slay+5 Stlth+}
 13799 | D:11     | Acquired 1139 gold pieces
 13801 | D:11     | Acquired 785 gold pieces
 13870 | Lair:1   | Entered Level 1 of the Lair of Beasts
 14024 | Lair:1   | Reached ****** piety under Okawaru
 14280 | Lair:1   | Identified the +0 chain mail "Nemakipt" {rPois MP+9 Int+3
                  | Dex-5} (Okawaru gifted it to you on level 1 of the Lair of
                  | Beasts)
 14280 | Lair:1   | Received a gift from Okawaru
 14374 | Lair:1   | Reached skill level 15 in Axes
 14485 | Lair:1   | Reached XP level 12. HP: 57/110 MP: 17/17
 14980 | D:5      | Bought a pair of boots for 90 gold pieces
 15708 | Lair:2   | Identified the +3 pair of boots of Filth {rElec rC+ Will+
                  | Str-5}
 15907 | Lair:2   | Noticed a five-headed hydra
 15913 | Lair:2   | Killed an eight-headed hydra
 16072 | Lair:2   | Noticed Prince Ribbit
 16079 | Lair:2   | Killed Prince Ribbit
 16168 | Lair:2   | Reached skill level 1 in Dodging
 16600 | Lair:3   | Identified the +0 pair of gloves "Jayh" {rC+++ Regen+ Int-2
                  | Slay-5} (Okawaru gifted it to you on level 3 of the Lair of
                  | Beasts)
 16600 | Lair:3   | Received a gift from Okawaru
 17008 | Lair:3   | Found a staircase to the Swamp.
 17109 | Lair:3   | Identified the +2 helmet of Death's Door {-Cast rPois rF+}
 17187 | Lair:3   | Found a staircase to the Snake Pit.
 17308 | Lair:3   | Found a runed translucent door.
 17310 | Lair:3   | Noticed a four-headed hydra
 17527 | Lair:3   | Killed a six-headed hydra
 17845 | Lair:4   | Found a staircase to the Slime Pits.
 17846 | Lair:4   | Found a viscous altar of Jiyva.
 17941 | Lair:4   | Reached skill level 5 in Dodging
 17941 | Lair:4   | Reached XP level 13. HP: 119/119 MP: 16/19
 18498 | Lair:5   | Entered Level 5 of the Lair of Beasts
 18739 | Lair:5   | Reached skill level 10 in Invocations
 18891 | Lair:5   | Identified the +1 buckler of Tartarus {+Blink rC+ Int+3}
                  | (Okawaru gifted it to you on level 5 of the Lair of Beasts)
 18891 | Lair:5   | Received a gift from Okawaru
 19421 | Lair:5   | Acquired the +5 kite shield of a volcano {rC+ Str+4 Stlth+}
 19668 | Lair:5   | Reached skill level 5 in Shields
 19914 | Lair:5   | Found a runed translucent door.
 19915 | Lair:5   | Noticed a fire dragon
 19927 | Lair:5   | Killed a fire dragon
 20209 | Lair:5   | Received a gift from Okawaru
 20379 | Lair:5   | Reached XP level 14. HP: 130/130 MP: 21/21
 20956 | D:12     | Noticed Snorg
 20964 | D:12     | Killed Snorg
 22223 | D:13     | Noticed Azrael
 22233 | D:13     | Identified the +1 pair of gloves of the Bells {rN+}
                  | (Okawaru gifted it to you on level 13 of the Dungeon)
 22233 | D:13     | Received a gift from Okawaru
 22236 | D:13     | Killed Azrael
 22571 | D:13     | Noticed Kirke
 22582 | D:13     | Killed Kirke
 23135 | D:14     | Found a gate to the Vaults.
 23178 | D:14     | Reached skill level 10 in Shields
 23403 | D:14     | Found a white marble altar of Elyvilon.
 23806 | D:15     | Entered Level 15 of the Dungeon
 23849 | D:15     | Found a basalt altar of Yredelemnul.
 24158 | D:15     | Identified the +5 plate armour of the Postmodern Dreams
                  | {rN+ Int+4} (Okawaru gifted it to you on level 15 of the
                  | Dungeon)
 24158 | D:15     | Received a gift from Okawaru
 24159 | D:15     | Reached skill level 15 in Fighting
 24159 | D:15     | Found a staircase to the Depths.
 24273 | D:15     | Reached skill level 15 in Armour
 25232 | Orc:1    | Entered Level 1 of the Orcish Mines
 25233 | Orc:1    | Noticed Fannar
 25242 | Orc:1    | Killed Fannar
 25294 | Orc:1    | Reached XP level 15. HP: 138/141 MP: 22/22
 25335 | Orc:1    | You fall into a shaft and drop 1 floor!
 25335 | Orc:2    | Entered Level 2 of the Orcish Mines
 25341 | Orc:2    | Found a staircase to the Elven Halls.
 25341 | Orc:2    | Noticed Donald
 25351 | Orc:2    | Killed Donald
 25980 | Orc:2    | Noticed an orc warlord
 26001 | Orc:2    | Killed an orc warlord
 26196 | Orc:2    | Reached skill level 1 in Evocations
 26420 | Orc:2    | Found Doph's Jewellery Shoppe.
 27353 | Orc:2    | Found Yggukuorue's Antique Armour Shop.
 27353 | Orc:2    | Found Vakkot's Assorted Antiques.
 27354 | Orc:2    | Found Zaeklox's Magic Scroll Shop.
 27354 | Orc:2    | Found Tuobleesh's Distillery.
 27362 | Orc:2    | Bought a scroll of blinking for 82 gold pieces
 27362 | Orc:2    | Bought a scroll of enchant armour for 82 gold pieces
 27362 | Orc:2    | Bought a scroll of enchant weapon for 82 gold pieces
 27364 | Orc:2    | Bought a potion of heal wounds for 50 gold pieces
 27365 | Orc:2    | Bought a glowing cloak for 157 gold pieces
 27439 | Orc:1    | Found Kiabyr's Weapon Shop.
 27743 | Orc:1    | Noticed Sonja
 27752 | Orc:1    | Killed Sonja
 28093 | Swamp:1  | Entered Level 1 of the Swamp
 28110 | Swamp:1  | Noticed a thorn hunter
 28122 | Swamp:1  | Identified the +1 pair of boots "Ustreip" {Will+ Str-4
                  | Dex+4} (Okawaru gifted it to you on level 1 of the Swamp)
 28122 | Swamp:1  | Received a gift from Okawaru
 28123 | Swamp:1  | Killed a thorn hunter
 28433 | Swamp:1  | Found a runed translucent door.
 28434 | Swamp:1  | Found a shimmering altar of Xom.
 28434 | Swamp:1  | Noticed Noname's ghost (journeyman TeAE)
 28639 | Swamp:2  | Noticed a thorn hunter
 29006 | Swamp:2  | Killed a thorn hunter
 29920 | Swamp:3  | Noticed a thorn hunter
 29937 | Swamp:3  | Killed a thorn hunter
 29938 | Swamp:3  | Reached XP level 16. HP: 91/152 MP: 17/23
 30139 | Swamp:4  | Entered Level 4 of the Swamp
 30301 | Swamp:4  | Identified the +0 hat of Wonder {Dex+3 SInv} (Okawaru
                  | gifted it to you on level 4 of the Swamp)
 30301 | Swamp:4  | Received a gift from Okawaru
 30317 | Swamp:4  | Reached skill level 5 in Evocations
 30371 | Swamp:4  | Got a decaying rune of Zot
 30754 | Swamp:3  | Noticed Mara
 30848 | Snake:1  | Entered Level 1 of the Snake Pit
 31144 | Snake:4  | Entered Level 4 of the Snake Pit
 31189 | Snake:4  | Reached skill level 15 in Shields
 31592 | Snake:4  | Received a gift from Okawaru
 31595 | Snake:4  | Reached skill level 10 in Dodging
 31596 | Snake:4  | Noticed Aizul
 31626 | Snake:4  | Killed Aizul
 32113 | Snake:4  | Reached XP level 17. HP: 110/163 MP: 17/24
 32804 | Snake:4  | Identified the +3 broad axe "Qadghawn" {flame, *Noise rC+
                  | Str+3 Dex+4} (Okawaru gifted it to you on level 4 of the
                  | Snake Pit)
 32804 | Snake:4  | Received a gift from Okawaru
 33138 | Snake:4  | Got a serpentine rune of Zot
 33152 | Snake:4  | Gained mutation: You sometimes lose your temper in combat.
                  | [mutagenic glow]
 33163 | Snake:4  | Gained mutation: Your spells are a little easier to cast,
                  | but a little less powerful. [mutagenic glow]
 33207 | Abyss:3  | Cast into level 3 of the Abyss (unwielding a weapon of
                  | distortion)
 33219 | Abyss:3  | Gained mutation: Your body sometimes deteriorates upon
                  | taking damage. [mutagenic glow]
 33231 | Abyss:3  | Gained mutation: You have an uncontrollable temper.
                  | [mutagenic glow]
 33380 | Abyss:3  | Lost mutation: Your spells are a little easier to cast, but
                  | a little less powerful. [potion of mutation]
 33380 | Abyss:3  | Lost mutation: You have an uncontrollable temper. [potion
                  | of mutation]
 33380 | Abyss:3  | Lost mutation: Your body sometimes deteriorates upon taking
                  | damage. [potion of mutation]
 33380 | Abyss:3  | Gained mutation: You expend magic power (3 MP) to
                  | strengthen your wands. [potion of mutation]
 33380 | Abyss:3  | Gained mutation: You occasionally shout uncontrollably at
                  | your foes. [potion of mutation]
 33381 | Abyss:3  | Lost mutation: You sometimes lose your temper in combat.
                  | [potion of mutation]
 33381 | Abyss:3  | Lost mutation: You expend magic power (3 MP) to strengthen
                  | your wands. [potion of mutation]
 33381 | Abyss:3  | Gained mutation: You are agile. (Dex +4, Str/Int -1)
                  | [potion of mutation]
 33381 | Abyss:3  | Gained mutation: Your magical capacity is low. (-10% MP)
                  | [potion of mutation]
 33381 | Abyss:3  | Gained mutation: You have large cloven feet. [potion of
                  | mutation]
 33492 | Abyss:4  | Gained mutation: You are very agile. (Dex +8, Str/Int -2)
                  | [a neqoxec]
 33494 | Abyss:4  | Gained mutation: You are frail. (-10% HP) [a neqoxec]
 33581 | Abyss:4  | Gained mutation: You occasionally lose the ability to read
                  | scrolls when taking damage. [a neqoxec]
 33589 | Abyss:4  | Killed from afar by a raiju

Illustrated notes

Levels and vault maps discovered:
D:1:      dpeg_arrival_morbid_curiosity, layout_basic, supply_closet_lemuel,
          kennysheep_another_room
D:2:      layout_rooms, shapermc_ecumenical_altar_totnotflames
D:3:      layout_basic, bloody_makhleb
D:4:      layout_basic, minivault_1
D:5:      minmay_octagon_keep, layout_loops_cross, minmay_temple_entry_waves,
          serial_shops, nicolae_shop_stone, uniq_ijyb
D:6:      layout_basic, kennysheep_mini, amcnicky_mini_corridor_feature
D:7:      layout_basic, mainiacjoe_overflow_alcove_4
D:8:      layout_loops_ring, mainiacjoe_overflow_tiny_flanked,
          serial_bayou_pond_d, uniq_erica, uniq_grum, uniq_maurice
D:9:      layout_long_grid, lemuel_tele_altar, minmay_lair_entry_lava,
          erik_orc_1, ebering_ghost_rock_garden
D:10:     layout_loops_ring, beargit_hepliaklqana_dungeon_heroes,
          xom_teletrap_fun
D:11:     layout_rooms, serial_shops, kennysheep_little_box,
          serial_nicolae_subway, nicolae_sub_station_crystal,
          nicolae_sub_station_stone, nicolae_sub_station_metal, uniq_psyche
D:12:     layout_basic, uniq_snorg
D:13:     layout_stronghold, uniq_azrael, uniq_kirke
D:14:     layout_irregular_city, erik_vaults_2, kennysheep_decorative_pillar,
          nicolae_elyvilon_peaceful_grove
D:15:     hangedman_depths_entry_civil_slaughter, layout_long_grid, special_room
          [special_room_orc], yredelemnul_altar_generic
Temple:   regret_index_temple_waves
Lair:1:   layout_hall_layers, grunt_megastairs_3
Lair:2:   layout_long_grid, serial_bayou_shore_a, uniq_prince_ribbit2
Lair:3:   layout_hall_layers, swamp_mist, dummy_snake_entry, pf_torpor_hydra
Lair:4:   layout_gridlike, slime_entry_1
Lair:5:   wormcave, layout_loops_ring, grunt_megastairs_2
Swamp:1:  layout_falls_marsh, ebering_ghost_xom, evilmike_swamp_ruin_rubble_1
Swamp:2:  layout_basic_swamp, evilmike_swamp_ruin_house_5,
          infiniplex_staircase_pool
Swamp:3:  layout_basic_swamp, ebering_ghost_rock_garden,
          evilmike_swamp_ruin_wall, uniq_louise, uniq_mara
Swamp:4:  grunt_swamp_rune_castle, layout_basic_swamp, swamp_pool1
Snake:1:  layout_misc_corridors, minmay_shop_star, lemuel_fruit_tree
Snake:2:  layout_onion, grunt_megastairs_4
Snake:3:  layout_grid_shapes, chequers_hall_statues_corner_a
Snake:4:  johnstein_snake_rune_scales, layout_basic, minmay_shop_grove,
          uniq_nikola, uniq_aizul, uniq_vashnia
Orc:1:    layout_caves, serial_shops, nicolae_shop_bloodbath_and_beyond,
          portal_ice_cave_entry_imps, nicolae_orc_stony_grotto, uniq_sonja,
          uniq_fannar
Orc:2:    st_orc_pillars, layout_caves, serial_shops, nicolae_shop_hallway_plus,
          uniq_donald
Abyss:4:  base: D:1, gammafunk_abyss_rune_reverse_zot,
          gammafunk_abyss_rune_reverse_zot, hangedman_abyss_theft,
          hangedman_abyss_rune_flesh_and_stone

Skill      XL: |  1  2  3  4  5  6  7  8  9 10 11 12 13 14 15 16 17 |
---------------+----------------------------------------------------+-----
Axes           | 3 4 5 6 7 9 11 13 15 16 | 16.0
Fighting       | 4 5 6 7 8 10 11 12 13 15 16 17 18 | 18.5
Armour         | 4 5 6 7 8 10 11 12 13 15 16 17 18 | 18.4
Invocations    | 2 4 5 7 8 9 10 11 | 11.0
Dodging        | 5 7 8 10 11 | 11.9
Shields        | 6 11 14 15 | 15.0
Evocations     | 4 6 |  6.0

Action                   |  1- 3 |  4- 6 |  7- 9 | 10-12 | 13-15 | 16-18 || total
-------------------------+-------+-------+-------+-------+-------+-------++-------
Melee: War axe           |    83 |   106 |   263 |   374 |   784 |   433 ||  2043
       Headbutt          |    13 |    17 |    55 |    93 |   179 |   120 ||   477
       Unarmed           |       |    15 |       |       |       |       ||    15
Invok: Heroism           |       |       |     1 |    11 |    35 |    22 ||    69
       Finesse           |       |       |       |       |    12 |     6 ||    18
Evoke: Wand              |       |       |       |       |     2 |       ||     2
       Condenser vane    |       |       |       |       |     1 |       ||     1
  Use: Potion            |       |     1 |     3 |     1 |     3 |     9 ||    17
       Scroll            |       |    11 |     7 |     5 |     3 |     8 ||    34
 Stab: Invisible         |       |       |       |     1 |       |    12 ||    13
       Confused          |       |       |       |       |     4 |       ||     4
Armor: Scale mail        |    51 |    52 |    90 |       |       |       ||   193
       Skin              |       |     8 |       |       |       |       ||     8
       Plate armour      |       |       |    14 |   171 |   311 |   126 ||   622
       Fire dragon scale |       |       |       |       |     2 |       ||     2
Dodge: Dodged            |    48 |    91 |   105 |   101 |   202 |   164 ||   711
Block: Buckler           |    19 |    33 |    61 |    83 |    15 |       ||   211
       Kite shield       |       |       |       |       |   518 |   411 ||   929
